 Dungeon Crawl Stone Soup version 0.28.0-53-g5a82cb258f (webtiles) character file.

Game seed: 14812992309519494248

510 BeingJoeMalik the Cudgeller (level 6, -1/51 HPs)
             Began as a Draconian Fighter on June 26, 2022.
             Was an Initiate of Okawaru.
             Killed by divine providence
             ... invoked by an orc priest
              (13 damage)
             ... on level 6 of the Dungeon.
             The game lasted 00:10:18 (6003 turns).

BeingJoeMalik the Cudgeller (Draconian Fighter)     Turns: 6003, Time: 00:10:19

Health: -1/51      AC:  7    Str: 24    XL:     6   Next: 98%
Magic:  6/6        EV: 12    Int:  8    God:    Okawaru [......]
Gold:   273        SH:  4    Dex: 13    Spells: 5/5 levels left

rFire   . . .      SeeInvis .   j - +1 mace (vorpal)
rCold   . . .      Faith    .   b - +0 buckler
rNeg    . . .      Spirit   .   (armour unavailable)
rPois   .          Reflect  .   (helmet restricted)
rElec   .          Harm     .   l - +0 cloak
rCorr   .          Rampage  .   (no gloves)
Will    .....                   (no boots)
Stlth   +.........              (no amulet)
HPRegen 0.17/turn               r - +6 ring of strength
MPRegen 0.10/turn               (no ring)

@: mighty
A: AC +6, unfitting armour, cold-blooded
a: Renounce Religion


You were on level 6 of the Dungeon.
You worshipped Okawaru.
Okawaru was noncommittal.
You visited 1 branch of the dungeon, and saw 6 of its levels.

You collected 273 gold pieces.

Inventory:

Hand Weapons
 a - a +0 flail
 j - a +1 vorpal mace (weapon)
 q - a +2 trident of flaming
Missiles
 m - a throwing net (quivered)
Armour
 b - a +0 buckler (worn)
 l - a +0 cloak (worn)
Jewellery
 r - a +6 ring of strength (left hand)
 s - an amulet of magic regeneration
Scrolls
 d - 2 scrolls of magic mapping
 k - 2 scrolls of teleportation
Potions
 c - 2 potions of might
 e - 2 potions of brilliance
 f - 4 potions of curing
 g - a potion of mutation {unknown}
 h - a potion of attraction {unknown}
 i - a potion of haste {unknown}
 o - a potion of flight {unknown}


   Skills:
 + Level 3.2 Fighting
 + Level 7.6 Maces & Flails
 - Level 2.6 Dodging
 + Level 3.0 Shields


You had 5 spell levels left.
You didn't know any spells.
Your spell library contained the following spells:

 Spells                   Type           Power      Damage    Failure   Level
 Pain                     Necr           0%         1d4       50%         1
 Gell's Gravitas          Tloc           0%         N/A       86%         3
 Lesser Beckoning         Tloc           0%         N/A       86%         3
 Teleport Other           Tloc           0%         N/A       86%         3
 Agony                    Necr           0%         N/A       100%        5
 Excruciating Wounds      Necr           0%         N/A       100%        5


Dungeon Overview and Level Annotations

Branches:
Dungeon (6/15)             Temple (0/1) D:5

Altars:
Ashenzari
Elyvilon
Nemelex Xobeh
Okawaru
Uskayaw
The Shining One

Shops:
D:1 =   D:6 =


Innate Abilities, Weirdness & Mutations

Your plain brown scales are hard. (AC +6)
You cannot fit into any form of body armour.
You are cold-blooded and may be slowed by cold attacks.


Message History

The orc priest shouts!
You hear a shout!
The orc priest begins to cast a cantrip, but forgets the words!
The phantom hits you!
The phantom blinks!
You blink.
Found a stone staircase leading down.
There is a stone staircase leading up here.
The phantom hits you.
The phantom blinks!
You blink.
You stop ascending the stairs.
The phantom hits you.
The phantom blinks!
You blink.
The orc priest invokes the aid of Beogh against you.
Beogh smites you!
The phantom hits you but does no damage.
There is a stone staircase leading up here.
The phantom hits you.
* * * LOW HITPOINT WARNING * * *
The phantom blinks!
You blink.
You stop ascending the stairs.
Unknown command.
Okay, then.
You feel very mighty all of a sudden. The phantom misses you.
The orc priest hits you but does no damage.
You feel better.
The phantom hits you but does no damage.
The orc priest hits you but does no damage.
Unknown command.
You hit the orc priest.
Your tail-slap misses the orc priest.
The orc priest is moderately wounded.
The phantom misses you.
The orc priest hits you with a +0 hand axe.
You barely miss the orc priest. You tail-slap the orc priest.
The orc priest is heavily wounded.
The phantom hits you.
* * * LOW HITPOINT WARNING * * *
The phantom blinks!
You blink.
Unknown command.
You hit the orc priest.
The orc priest is almost dead.
The phantom hits you but does no damage.
The orc priest invokes the aid of Beogh against you.
Beogh smites you!
You die...

#.#######...
....##...#.
#########..#.###.
###............###.
####...#########.###..
#<......########..##.#
#.....................
#....o..#########.#.#.
#...ยง@W.# ...#.#.
######### #...#.#.
#....... #....#..
#....... #...#...


You could see a phantom and an orc priest.

Vanquished Creatures
  A necrophage (D:5)
  2 centaur zombies
  A jelly (D:2)
  A hound (D:4)
  An iguana (D:4)
  Natasha (thrice) (D:4)
  Robin (D:4)
  5 gnolls
  4 adders
  An ufetubus (D:6)
  2 worms
  2 dart slugs (D:1)
  6 orcs
  9 endoplasms
  5 giant cockroaches
  8 hobgoblins
  4 jackals (D:5)
  3 quokkas
  7 ball pythons
  6 bats
  3 frilled lizards
  15 goblins
  9 kobolds
  5 rats
104 creatures vanquished.

Notes
Turn   | Place    | Note
-------+----------+-------------------------------------------
     0 | D:1      | BeingJoeMalik the Draconian Fighter began the quest for the
                  | Orb.
     0 | D:1      | Reached XP level 1. HP: 19/19 MP: 1/1
   273 | D:1      | Reached XP level 2. HP: 26/26 MP: 2/2
   407 | D:1      | Reached skill level 3 in Maces & Flails
   417 | D:1      | Found Matiat's Jewellery Shop.
   789 | D:1      | Reached XP level 3. HP: 28/31 MP: 3/3
  1081 | D:2      | Identified the +0 robe of the Skies Above {Int+2}
  1166 | D:2      | Reached skill level 4 in Maces & Flails
  1365 | D:2      | Reached XP level 4. HP: 26/38 MP: 4/4
  1820 | D:2      | Found a faded altar of an unknown god.
  2044 | D:3      | Found a glowing golden altar of the Shining One.
  2183 | D:3      | Reached skill level 5 in Maces & Flails
  2427 | D:3      | Became a worshipper of the Shining One
  2694 | D:3      | Found a hide-covered altar of Uskayaw.
  3310 | D:3      | Reached XP level 5. HP: 16/45 MP: 5/5
  3951 | D:4      | Noticed Robin
  4005 | D:4      | Killed Robin
  4009 | D:4      | Reached skill level 6 in Maces & Flails
  4093 | D:4      | Noticed Natasha
  4099 | D:4      | Killed Natasha
  4229 | D:4      | Noticed Natasha
  4241 | D:4      | Killed Natasha
  4242 | D:4      | Reached XP level 6. HP: 32/51 MP: 6/6
  4502 | D:4      | Noticed Natasha
  4511 | D:4      | Killed Natasha
  4641 | D:4      | Found an iron altar of Okawaru.
  4653 | D:4      | Fell from the grace of the Shining One
  4653 | D:4      | Became a worshipper of Warmaster Okawaru
  4862 | D:5      | Entered Level 5 of the Dungeon
  4941 | D:5      | Found a broken altar of Ashenzari.
  5201 | D:5      | Found a white marble altar of Elyvilon.
  5257 | D:5      | Reached skill level 7 in Maces & Flails
  5383 | D:5      | Found a sparkling altar of Nemelex Xobeh.
  5505 | D:5      | Found a staircase to the Ecumenical Temple.
  5960 | D:6      | Found Nuazumn's Jewellery Shop.
  6003 | D:6      | Killed from afar by an orc priest

Illustrated notes

Levels and vault maps discovered:
D:1:      dpeg_arrival_brainrot, layout_basic, serial_shops, shop
D:2:      layout_basic, basic_ecumenical_altar
D:3:      layout_basic, mainiacjoe_overflow_concentric_impassable,
          mainiacjoe_overflow_six_doors_small, minmay_liquid_box,
          minmay_parallelograms
D:4:      layout_loops_ring, okawaru_trees_1, uniq_robin, uniq_natasha
D:5:      layout_basic, nicolae_ashenzari_panopticon,
          mainiacjoe_overflow_tiny_flanked, marbit_many_paths,
          minmay_temple_entry_overgrown, hellmonk_bongcloud_opening
D:6:      layout_rooms, serial_shops, shop, shop, nicolae_shop_behind_doors,
          shop_statue, uniq_prince_ribbit1

Skill      XL: |  1  2  3  4  5  6 |
---------------+-------------------+-----
Maces & Flails | 3 4 5 6 7 |  7.6
Fighting       | |  3.2
Dodging        | |  2.6
Shields        | |  3.0

Action                   |  1- 3 |  4- 6 || total
-------------------------+-------+-------++-------
Melee: Flail             |    91 |   128 ||   219
       Tailslap          |    12 |    17 ||    29
       Mace              |       |    86 ||    86
Throw: Throwing net      |       |     1 ||     1
  Use: Scroll            |       |     7 ||     7
       Potion            |       |     2 ||     2
 Stab: Sleeping          |     1 |     4 ||     5
Armor: Skin              |    34 |    67 ||   101
Dodge: Dodged            |    61 |   134 ||   195
Block: Buckler           |    28 |    42 ||    70
